 Dungeon Crawl Stone Soup version 0.31-a0-626-g8143ab4f1d (webtiles) character file.

Game seed: 2385287683079546861

585151 Newt the Fencer (level 26, -1/164 HPs)
             Began as a Gargoyle Fighter on Aug 24, 2023.
             Was an Initiate of Gozag.
             Slain by an emperor scorpion (5 damage)
             ... summoned by a royal mummy
             ... on level 3 of the Tomb of the Ancients.
             The game lasted 01:54:56 (62724 turns).

Newt the Fencer (Gargoyle Fighter)                 Turns: 62724, Time: 01:54:56

Health: -1/164     AC: 70    Str: 26      XL:     26   Next: 81%
Magic:  0/45       EV:  6    Int: 12      God:    Gozag
Gold:   6470       SH: 19    Dex: 21 (22) Spells: 41/61 levels left

rFire   + + +        b - +11 Screaming Sword {sonic wave}
rCold   . . .        X - +5 kite shield {reflect}
rNeg    + + +        A - +12 crystal plate armour of Doosm {rF++ Str-3}
rPois   ∞            n - +2 helmet
rElec   +            O - scarf of the Ditch-Digger {shadows, Will+ Regen+ Str+4}
rCorr   .            Z - +0 pair of gloves "Padovuh" {Drain +Inv Dex+6 Slay+3}
SInv    .            N - +3 pair of seven-league boots {Rampage+∞}
Will    +++..        w - amulet "Utet" {Spirit rElec Regen+ Int-2 Dex+5} Stlth
                     Y - ring "Iraf" {rF+ rN+ Will+}
HPRegen 2.07/turn    T - ring of positive energy
MPRegen 0.29/turn

%: reflection, guardian spirit, rampage+∞
@: wereblooded, flying, slowed, very slow
A: sickness immunity, AC +20, big wings, negative energy resistance 1,
electricity resistance, torment resistance 1, petrification resistance, fangs 1,
passive freeze, shaggy fur 1, subdued magic 2, inability to read after injury 1
}: 4/15 runes: serpentine, barnacled, slimy, silver
a: Renounce Religion, Evoke Invisibility, Potion Petition, Call Merchant, Bribe
Branch


You were on level 3 of the Tomb of the Ancients.
You worshipped Gozag.
Gozag was greatly pleased with you.
You visited 10 branches of the dungeon, and saw 49 of its levels.
You also visited: Bailey and Ice Cave.

You collected 31746 gold pieces.
You spent 13366 gold pieces at shops.
You paid 11910 gold pieces to Gozag.

Inventory:

Hand Weapons
 a - a +9 demon blade of flaming
 b - the +11 Screaming Sword (weapon) {sonic wave}
   (You bought it in a shop on level 2 of the Elven Halls)
Missiles
 y - 4 throwing nets
Armour
 n - a +2 helmet (worn)
 A - the +12 crystal plate armour of Doosm (worn) {rF++ Str-3}
   (You found it on level 5 of the Pits of Slime)

   Str-3:     It affects your strength (-3).
   rF++:      It greatly protects you from fire.
 N - the +3 pair of seven-league boots (worn) {Rampage+∞}
   (You acquired it on level 2 of the Elven Halls)

   Rampage+∞: When moving toward enemies, its wearer moves as far as possible,
   alerting their target en route.
 O - the scarf of the Ditch-Digger (worn) {shadows, Will+ Regen+ Str+4}
   (You found it on level 9 of the Dungeon)

   Str+4:     It affects your strength (+4).
   Will+:     It increases your willpower.
   Regen+:    It increases your rate of health regeneration.
 X - a +5 kite shield of reflection (worn)
 Z - the +0 pair of gloves "Padovuh" (worn) {Drain +Inv Dex+6 Slay+3}
   (You found it on level 3 of the Elven Halls)

   Dex+6:     It affects your dexterity (+6).
   Slay+3:    It affects your accuracy & damage with ranged weapons and melee
   (+3).
   +Inv:      It lets you turn invisible.
   Drain:     It drains your maximum health when unequipped.
Jewellery
 u - a +4 ring of slaying
 w - the amulet "Utet" (around neck) {Spirit rElec Regen+ Int-2 Dex+5}
   (You bought it in a shop on level 10 of the Dungeon)

   [amulet of guardian spirit]

   Spirit:    It causes incoming damage to be divided between your reserves of
   health and magic.
   Int-2:     It affects your intelligence (-2).
   Dex+5:     It affects your dexterity (+5).
   rElec:     It insulates you from electricity.
   Regen+:    It increases your rate of health regeneration.
 x - a ring of see invisible
 F - a +4 ring of protection
 H - the ring of the Prince {Fire rN+ Dex+4}
   (You took it off an ironbound preserver on level 5 of the Vaults)

   [ring of fire]

   Fire:      It enhances your fire magic.
   Dex+4:     It affects your dexterity (+4).
   rF+:       It protects you from fire.
   rC-:       It makes you vulnerable to cold.
   rN+:       It protects you from negative energy.
 K - the ring of Loumilee {rF+ rC+ Dex+6}
   (You bought it in a shop on level 10 of the Dungeon)

   [ring of dexterity]

   Dex+6:     It affects your dexterity (+6).
   rF+:       It protects you from fire.
   rC+:       It protects you from cold.
 T - a ring of positive energy (right hand)
 W - a ring of positive energy
 Y - the ring "Iraf" (left hand) {rF+ rN+ Will+}
   (You found it on level 3 of the Elven Halls)

   [ring of protection from fire]

   rF+:       It protects you from fire.
   rN+:       It protects you from negative energy.
   Will+:     It increases your willpower.
Wands
 c - a wand of mindburst (55)
 o - a wand of quicksilver (25)
 z - a wand of roots (74)
 D - a wand of flame (90)
 G - a wand of charming (48)
 P - a wand of polymorph (23)
 R - a wand of digging (3)
Scrolls
 i - 19 scrolls of teleportation
 l - a scroll of silence
 t - 5 scrolls of enchant weapon
 v - 7 scrolls of blinking
 C - 8 scrolls of poison
 I - 11 scrolls of fear
 Q - 9 scrolls of enchant armour
 S - 6 scrolls of revelation
 U - 5 scrolls of amnesia
 V - a scroll of summoning
Potions
 d - a potion of haste
 e - 5 potions of cancellation
 f - 2 potions of heal wounds
 g - a potion of might
 j - 6 potions of attraction
 k - 3 potions of invisibility
 p - 12 potions of resistance
 q - 6 potions of magic
 r - 4 potions of lignification
 B - 7 potions of berserk rage
 E - 11 potions of enlightenment
 J - 9 potions of brilliance
 L - 24 potions of curing
 M - 2 potions of ambrosia
Miscellaneous
 h - a box of beasts
 m - a phial of floods
 s - a phantom mirror


   Skills:
 - Level 16.4 Fighting
 - Level 20.0 Long Blades
 - Level 5.4(10.0) Axes
 - Level 14.0(14.4) Maces & Flails
 - Level 20.0 Armour
 - Level 13.3 Shields
 - Level 18.4 Spellcasting
 - Level 10.8 Conjurations
 - Level 9.1 Hexes
 - Level 9.3 Transmutations
 + Level 18.0 Earth Magic
 - Level 12.5 Evocations


You had 41 spell levels left.
You knew the following spells:

 Your Spells              Type           Power      Damage    Failure   Level
a - Wereblood             Tmut           20%        N/A       1%          2
b - Dazzling Flash        Conj/Hex       42%        N/A       3%          3
c - Leda's Liquefaction   Hex/Erth       13%        N/A       2%          4
d - Lee's Rapid Deconstr  Erth           16%        3d10*     1%          5
e - Petrify               Tmut/Erth      27%        N/A       1%          4
f - Passwall              Tmut/Erth      22%        N/A       1%          2

Your spell library contained the following spells:

 Spells                   Type           Power      Damage    Failure   Level
 Sandblast                Erth           66%        2d15      0%          1
 Magic Dart               Conj           92%        1d7       1%          1
 Stone Arrow              Conj/Erth      56%        3d10      1%          3
 Tukima's Dance           Hex            20%        N/A       4%          3
 Kiss of Death            Conj/Necr      60%        2d10      8%          1
 Shock                    Conj/Air       60%        1d6       8%          1
 Sting                    Tmut/Pois      52%        1d5       11%         1
 Fulminant Prism          Conj/Hex       10%        3d8       13%         4
 Ensorcelled Hibernation  Hex/Ice        26%        N/A       19%         2
 Cause Fear               Hex            10%        N/A       19%         4
 Hailstorm                Conj/Ice       15%        3d5       26%         3
 Iskenderun's Battlesphe  Conj           23%        2d8       26%         5
 Leda's Unmaking          Conj/Erth      14%        9d3       32%         6
 Irradiate                Conj/Tmut      11%        3d15      34%         5
 Inner Flame              Hex/Fire       13%        N/A       36%         3
 Portal Projectile        Hex/Tloc       26%        N/A       36%         3
 Summon Guardian Golem    Hex/Summ       13%        N/A       36%         3
 Mephitic Cloud           Conj/Pois/Air  12%        N/A       50%         3
 Ignite Poison            Fire/Tmut/Pois 11%        N/A       56%         3
 Apportation              Tloc           12%        N/A       63%         1
 Freeze                   Ice            24%        1d4       63%         1
 Necrotise                Necr           24%        1d5       63%         1
 Summon Small Mammal      Summ           24%        N/A       63%         1
 Flame Wave               Conj/Fire      15%        2d7       67%         4
 Iskenderun's Mystic Bla  Conj/Tloc      15%        2d5       67%         4
 Sticky Flame             Conj/Fire      15%        2d4       67%         4
 Blink                    Tloc           12%        N/A       78%         2
 Call Imp                 Summ           12%        N/A       78%         2
 Lesser Beckoning         Tloc           12%        N/A       78%         2
 Poisonous Vapours        Pois/Air       12%        N/A       78%         2
 Scorch                   Fire           12%        2d5       78%         2
 Anguish                  Hex/Necr       6%         N/A       80%         4
 Frozen Ramparts          Ice            12%        1d2       95%         3
 Gell's Gravitas          Tloc           6%         N/A       95%         3
 Teleport Other           Tloc           6%         N/A       95%         3
 Vampiric Draining        Necr           6%         2d6       95%         3
 Vhi's Electric Charge    Tloc/Air       12%        N/A       95%         3
 Volatile Blastmotes      Fire/Tloc      12%        2d11      95%         3
 Fireball                 Conj/Fire      7%         3d5       95%         5
 Freezing Cloud           Conj/Ice/Air   6%         6-21      99%         5
 Metabolic Englaciation   Hex/Ice        6%         N/A       99%         5
 Silence                  Hex/Air        6%         N/A       99%         5
 Summon Mana Viper        Hex/Summ       13%        N/A       99%         5
 Airstrike                Air            3%         2d(1-17)  100%        4
 Manifold Assault         Tloc           6%         N/A       100%        4
 Olgreb's Toxic Radiance  Pois           6%         N/A       100%        4
 Summon Ice Beast         Ice/Summ       6%         N/A       100%        4
 Summon Lightning Spire   Summ/Air       6%         N/A       100%        4
 Agony                    Necr           6%         N/A       100%        5
 Summon Forest            Summ/Tloc      3%         N/A       100%        5
 Conjure Ball Lightning   Conj/Air       7%         3x3d6     100%        6
 Eringya's Noxious Bog    Tmut/Pois      6%         4d6       100%        6
 Starburst                Conj/Fire      7%         6d4       100%        6
 Summon Cactus Giant      Summ           3%         N/A       100%        6
 Haunt                    Necr/Summ      3%         N/A       100%        7
 Malign Gateway           Summ/Tloc      3%         N/A       100%        7
 Monstrous Menagerie      Summ           3%         N/A       100%        7
 Orb of Destruction       Conj           11%        9d6       100%        7
 Spellforged Servitor     Conj/Summ      7%         N/A       100%        7
 Summon Hydra             Summ           3%         N/A       100%        7
 Borgnjor's Revivificati  Necr           3%         N/A       100%        8
 Discord                  Hex            10%        N/A       100%        8
 Ignition                 Fire           3%         3d4       100%        8
 Infestation              Necr           3%         N/A       100%        8
 Maxwell's Capacitive Co  Air            3%         ∞         100%        8
 Summon Horrible Things   Summ           3%         N/A       100%        8
 Cigotuvi's Dreadful Rot  Necr/Pois/Air  Unusable   N/A       N/A         2
 Sublimation of Blood     Necr           Unusable   N/A       N/A         2
 Animate Dead             Necr           Unusable   N/A       N/A         4
 Simulacrum               Ice/Necr       Unusable   N/A       N/A         6

Dungeon Overview and Level Annotations

Branches:
Dungeon (15/15)            Temple (0/1) D:5            Lair (5/5) D:8
 Shoals (4/4) Lair:3        Snake (4/4) Lair:3        Slime (5/5) Lair:4
    Orc (2/2) D:11            Elf (3/3) Orc:2        Vaults (5/5) D:13
  Crypt (3/3) Vaults:3       Tomb (3/3) Crypt:3      Depths (0/4) D:15
 Bailey (visited)           IceCv (visited)

Altars:
Ashenzari
Cheibriados
Gozag
Hepliaklqana
Kikubaaqudgha
Makhleb
Okawaru
Trog
Vehumet
Yredelemnul
The Shining One
Jiyva

Shops:
D:6 [   D:10 *=   D:11 (   D:13 !   D:14 *   D:15 ?   Orc:1 [[*   Orc:2 [(*=
Elf:2 *   Elf:3 [   Shoals:2 [   Shoals:3 *   Vaults:1 *   Vaults:2 ?([
Vaults:3 ?   Vaults:4 ?   Crypt:3 ?!!


Innate Abilities, Weirdness & Mutations

You are immune to sickness and miasma.
Your stone body is resilient. (AC +20)
You are immune to poison.
Your large and strong wings let you fly.
You resist negative energy. (rN+)
You are resistant to electric shocks. (rElec)
You are resistant to unholy torment.
You are immune to petrification.
You have very sharp teeth.
A frigid envelope surrounds you and freezes all who hurt you.
You are covered in fur. (AC +1)
Your spells are easier to cast, but less powerful.
You occasionally lose the ability to read scrolls when taking damage.


Message History

The emperor scorpion is very cold.
The emperor scorpion is almost dead.
The emperor scorpion barely misses you.
Unknown command.
Unknown command.
Unknown command.
You slash the royal mummy!
The royal mummy is almost destroyed.
You block the death scarab's attack.
The death scarab waves its antennae.
You block the death scarab's attack. The death scarab bites you!
* * * LOW HITPOINT WARNING * * *
The death scarab is very cold.
The death scarab is moderately damaged.
The death scarab bites you but does no damage.
The death scarab is very cold.
The death scarab is moderately damaged.
The death scarab barely misses you. x2
The emperor scorpion stings you but does no damage.
The emperor scorpion is very cold.
The emperor scorpion is almost dead.
The emperor scorpion claws you but does no damage. x2
The emperor scorpion is very cold.
You kill the emperor scorpion!
The emperor scorpion's corpse disappears in a puff of smoke!
The emperor scorpion stings you but does no damage.
The emperor scorpion is very cold.
The emperor scorpion is severely wounded.
The emperor scorpion claws you but does no damage.
The emperor scorpion is very cold.
The emperor scorpion is severely wounded.
The emperor scorpion claws you but does no damage.
The emperor scorpion is very cold.
The emperor scorpion is severely wounded.
The royal mummy casts a spell at you. Something smites you!
* * * LOW HITPOINT WARNING * * *
The emperor scorpion stings you!
You die...
Your body crumbles into a pile of gold.

####
##^...
##...$..
#......
##....###
#.$M..'.#
#ssM..###
#B@BB....
#B.BM....
#BBBB....
#........
#........
#..^..'##
#.....#.#
##....###


You could see 3 royal mummies, 2 emperor scorpions and 9 death scarabs.

Vanquished Creatures
  the Royal Jelly (Slime:5)
  Dissolution (Slime:4)
  A dread lich (Vaults:5)
  Mennas (Crypt:2)
  8 royal mummies
  The ghost of Hegoitz the Impregnable, a veteran MiGl of Hepliaklqana (Crypt:1)
  Vv (Crypt:2)
  Xtahua (Vaults:4)
  Vashnia (Snake:3)
  Saint Roka (Orc:2)
  3 golden dragons (Vaults:5)
  Nikola (Elf:2)
  2 shard shrike zombies
  Rupert (Orc:2)
  4 tentacled monstrosities (Vaults:5)
  4 liches
  2 shard shrike skeletons (Crypt:3)
  A deep elf blademaster (Elf:3)
  2 titans
  2 quicksilver dragons (Vaults:5)
  A deep elf master archer (Elf:3)
  An acid blob (shapeshifter) (Vaults:5)
  A kraken (Shoals:1)
  13 ancient champions
  10 sphinxes
  6 tengu reavers (Vaults:5)
  15 acid blobs
  Agnes (Elf:1)
  3 shadow dragons (Vaults:5)
  3 storm dragons (Vaults:5)
  The ghost of HilariousDeathArtist the Brawler, a journeyman TrDe of Wu Jian (Orc:2)
  Aizul (Vaults:3)
  12 azure jellies
  The ghost of Sopaerr the Warrior, a journeyman MiBe of Trog (Snake:2)
  8 rockslimes
  3 revenants
  8 nagarajas
  5 fire giants
  21 vault wardens
  8 deep elf sorcerers
  A frost giant (Vaults:1)
  A juggernaut zombie (Crypt:3)
  An iron dragon (Vaults:5)
  2 curse skulls
  Louise (Elf:1)
  4 deep elf elementalists
  4 ghouls
  19 ironbound preservers
  5 orc warlords
  3 war gargoyles (Vaults:5)
  9 quicksilver oozes (Slime:5)
  10 formless jellyfish
  4 stone giants (Vaults:5)
  7 very ugly things
  8 ironbound thunderhulks
  16 vampire knights
  6 deep elf demonologists
  A dire elephant (Vaults:3)
  6 deep elf annihilators
  8 bennus
  A white draconian (IceCv)
  14 yaktaur captains
  A crystal guardian (Vaults:2)
  2 ettins (Vaults:5)
  9 deep elf death magi
  19 mummy priests
  12 jiangshi
  A fire dragon (D:15)
  7 merfolk javelineers
  A fenstrider witch zombie (Crypt:2)
  17 great orbs of eyes
  10 merfolk impalers
  8 deep elf high priests
  2 salamander tyrants
  32 vault guards
  2 ice dragons (IceCv)
  A rakshasa (D:15)
  A peacekeeper (Vaults:2)
  An ogre mage (Vaults:5)
  Erica (D:8)
  12 hydras
  3 merfolk avatars
  The ghost of Vadghucic the Thaumaturge, a journeyman DsFE of Vehumet (Lair:2)
  A spriggan skeleton (Tomb:2)
  6 alligator snapping turtles
  A satyr (Shoals:4)
  4 merfolk aquamancers
  19 centaur warriors
  7 death yaks (Lair:5)
  17 ironbound frosthearts
  5 catoblepae
  An Orb Guardian skeleton (Crypt:1)
  4 death knights
  6 two-headed ogres
  9 anacondas
  23 dancing weapons
  A deep troll earth mage (Vaults:5)
  28 death scarabs
  A titan zombie (Crypt:3)
  A death yak (shapeshifter) (Vaults:5)
  23 naga warriors
  4 tengu warriors
  9 boulder beetles
  8 vampire magi
  14 naga sharpshooters
  Urug (Orc:2)
  9 shock serpents
  3 orc high priests (Orc:2)
  A storm dragon zombie (Crypt:3)
  14 deep elf knights
  10 soul eaters
  A titan skeleton (Crypt:3)
  2 emperor scorpion zombies
  51 skeletal warriors
  4 salamander mystics
  2 shadow wraiths (Crypt:3)
  2 golden dragon zombies (Crypt:3)
  21 sea snakes
  6 skysharks
  Lodul (D:12)
  5 flayed ghosts
  A glowing orange brain (Slime:5)
  A glowing orange brain (shapeshifter) (Vaults:5)
  A bunyip zombie (Crypt:3)
  4 bog bodies
  45 deep trolls
  9 naga ritualists
  An orange crystal statue (IceCv)
  8 deep elf archers
  9 lindwurms
  A spriggan simulacrum (Crypt:3)
  An alligator zombie (Crypt:2)
  6 wizards
  11 orc knights
  23 deep elf zephyrmancers
  21 ironbound convokers
  25 harpies
  6 necromancers
  23 phantasmal warriors
  Pikel (D:4)
  28 deep elf pyromancers
  A shadow dragon skeleton (Tomb:1)
  10 mana vipers
  4 orc sorcerers
  30 ugly things
  3 shining eyes
  15 manticores
  4 cyclopes
  27 salamanders
  7 fauns
  Maurice (Orc:1)
  A moth of wrath (shapeshifter) (Vaults:5)
  A moth of wrath (Lair:2)
  2 centaur zombies
  8 guardian serpents
  A dire elephant zombie (Crypt:3)
  10 merfolk sirens
  4 elephants
  21 naga magi
  16 vault sentinels
  An ice statue (Lair:4)
  An iron dragon skeleton (Tomb:1)
  11 water nymphs
  47 black mambas
  20 cane toads
  A molten gargoyle (D:13)
  3 eyes of devastation (Slime:5)
  A grey draconian zombie (Crypt:1)
  Jeremiah (D:8)
  A gargoyle (D:11)
  2 alligator snapping turtle zombies
  12 komodo dragons
  A white draconian zombie (Crypt:2)
  4 minotaur zombies
  23 rime drakes
  An unseen horror (shapeshifter) (D:15)
  12 freezing wraiths
  2 efreet (D:15)
  A yaktaur (shapeshifter) (D:14)
  Psyche (D:9)
  Maggie (D:8)
  A komodo dragon (shapeshifter) (Elf:2)
  29 yaktaurs
  An alligator snapping turtle skeleton (Crypt:2)
  A catoblepas skeleton (Crypt:3)
  3 tengu conjurers
  A troll (shapeshifter) (D:14)
  A harpy zombie (Tomb:2)
  16 polar bears
  13 trolls
  2 hornets (Lair:2)
  9 wind drakes
  A hydra zombie (Crypt:1)
  27 merfolk
  43 guardian mummies
  Prince Ribbit (D:5)
  17 blink frogs
  A dream sheep (shapeshifter) (D:15)
  An ice dragon zombie (Crypt:3)
  3 ettin zombies
  17 dream sheep
  A jumping spider (shapeshifter) (Vaults:5)
  2 snapping turtles (Shoals:2)
  An ettin skeleton (Crypt:3)
  6 spriggans (Lair:2)
  5 wyverns
  8 air elementals
  18 shadows
  30 flying skulls
  24 water elementals
  17 wraiths
  16 ushabtiu
  Eustachio (D:4)
  89 slime creatures
  A vampire (D:12)
  4 fire elementals
  46 yaks
  A golden eye (Slime:5)
  A steam dragon (D:9)
  5 basilisks
  A redback (D:15)
  10 vampire mosquitoes
  6 wargs
  A skyshark zombie (Crypt:2)
  4 acid dragons
  2 harpy simulacra
  A naga zombie (Crypt:3)
  A swamp worm (shapeshifter) (Vaults:4)
  38 nagas
  12 water moccasins
  A floating eye (Slime:2)
  A merfolk skeleton (Crypt:1)
  2 black bears
  2 ice beasts
  3 sky beasts
  46 orc warriors
  A swamp dragon zombie (Crypt:3)
  6 wolves
  3 boggarts (Vaults:3)
  12 ogres
  15 centaurs
  2 manticore skeletons
  2 phantoms
  5 kobold brigands
  A komodo dragon zombie (Crypt:1)
  3 necrophages
  16 bullfrogs
  A gnoll sergeant (D:11)
  3 earth elementals
  5 wights (D:7)
  A wyvern skeleton (Crypt:2)
  A warg skeleton (Crypt:3)
  2 spriggan zombies
  A raiju skeleton (Crypt:3)
  A yak skeleton (Crypt:1)
  7 electric eels (Lair:4)
  2 howler monkeys (D:14)
  8 lava snakes
  2 quasits (D:4)
  2 hounds
  A jelly (D:5)
  12 orc priests
  An iron imp (D:3)
  A centaur skeleton (Crypt:2)
  5 iguanas
  A sleepcap (D:5)
  19 orc wizards
  A killer bee zombie (Crypt:3)
  A hound zombie (Crypt:2)
  44 mummies
  13 gnolls
  3 adders
  A shadow imp (D:4)
  3 white imps
  4 ufetubi
  A worm (D:3)
  3 dart slugs (D:2)
  82 orcs
  9 endoplasms
  4 giant cockroaches
  18 goblins
  16 hobgoblins
  A jackal (D:1)
  A quokka (D:3)
  A river rat zombie (Crypt:3)
  5 ball pythons
  4 bats
  5 frilled lizards
  2 hobgoblin skeletons (Crypt:1)
  33 kobolds
  4 rats
  3 tentacles (Shoals:1)
2297 creatures vanquished.

Vanquished Creatures (collateral kills)
  A shard shrike (IceCv)
  A deep elf blademaster (Elf:3)
2 creatures vanquished.

Vanquished Creatures (others)
  A fire giant (Vaults:5)
  A deep elf annihilator (Elf:3)
  An anaconda (Snake:4)
  A dancing weapon (Elf:2)
  3 deep elf knights
  A wizard (D:15)
  3 deep elf zephyrmancers (Elf:2)
  4 deep elf pyromancers
  A manticore (D:15)
  2 salamanders
  A guardian mummy (Tomb:3)
  A wind drake (Shoals:4)
  A hornet simulacrum (D:15)
  An orc priest (Orc:2)
  2 kobolds (D:9)
  3 tentacles (Shoals:1)
27 creatures vanquished.

Grand Total: 2326 creatures vanquished

Notes
Turn   | Place    | Note
-------+----------+-------------------------------------------
     0 | D:1      | Newt the Gargoyle Fighter began the quest for the Orb.
     0 | D:1      | Reached XP level 1. HP: 14/14 MP: 1/1
   163 | D:1      | Reached XP level 2. HP: 20/20 MP: 2/2
   355 | D:1      | Reached XP level 3. HP: 24/24 MP: 3/3
   883 | D:2      | Found a faded altar of an unknown god.
  1035 | D:2      | Reached skill level 5 in Fighting
  1491 | D:2      | Reached XP level 4. HP: 31/31 MP: 4/4
  1850 | D:3      | Reached XP level 5. HP: 35/35 MP: 5/5
  2073 | D:3      | Found an opulent altar of Gozag.
  2182 | D:3      | Became a worshipper of Gozag Ym Sagoz the Greedy
  2287 | D:3      | Found a snail-covered altar of Cheibriados.
  2354 | D:3      | Found a bloodstained altar of Trog.
  2355 | D:3      | Found a hazy altar of Hepliaklqana.
  2356 | D:3      | Noticed a kobold brigand
  2374 | D:3      | Killed a kobold brigand
  2594 | D:4      | Reached XP level 6. HP: 38/40 MP: 4/6
  2801 | D:4      | Noticed Eustachio
  2852 | D:4      | Killed Eustachio
  2853 | D:4      | Reached XP level 7. HP: 10/48 MP: 2/7
  3023 | D:4      | Noticed Pikel
  3062 | D:4      | Killed Pikel
  3063 | D:4      | Reached skill level 5 in Maces & Flails
  3063 | D:4      | Reached XP level 8. HP: 5/54 MP: 0/8
  3966 | D:5      | Entered Level 5 of the Dungeon
  3973 | D:5      | Reached skill level 5 in Armour
  4072 | D:5      | Found an ancient bone altar of Kikubaaqudgha.
  4146 | D:5      | Noticed Prince Ribbit
  4206 | D:5      | Killed Prince Ribbit
  4207 | D:5      | Reached skill level 5 in Shields
  4689 | D:5      | Found a staircase to the Ecumenical Temple.
  4768 | D:5      | Reached skill level 1 in Evocations
  5313 | D:6      | Reached XP level 9. HP: 39/59 MP: 9/9
  5998 | D:6      | Found Fihajuq's Armour Shoppe.
  6023 | D:6      | Bought a +4 chain mail of fire resistance for 346 gold
                  | pieces
  6033 | D:6      | Bought a +0 pair of boots for 49 gold pieces
  6168 | D:6      | Reached skill level 5 in Evocations
  6585 | D:7      | Found a flagged portal.
  6604 | Bailey   | Entered a bailey
  6783 | Bailey   | Noticed an orc knight
  6805 | Bailey   | Killed an orc knight
  6852 | Bailey   | Reached XP level 10. HP: 23/64 MP: 14/14
  7650 | Bailey   | Noticed an orc warlord
  7734 | Bailey   | Killed an orc warlord
  7977 | Bailey   | Reached skill level 5 in Spellcasting
  8039 | D:7      | Reached XP level 11. HP: 68/68 MP: 17/23
  8043 | D:7      | Learned a level 2 spell: Wereblood
  8846 | D:8      | Noticed Maggie
  8881 | D:8      | Killed Maggie
  9263 | D:8      | Noticed Erica
  9263 | D:8      | Noticed Jeremiah
  9342 | D:8      | Killed Erica
  9520 | D:8      | Killed Jeremiah
  9833 | D:8      | Found a staircase to the Lair.
  9888 | D:8      | Identified the staff of Annihilation {Fragile rPois Str+10
                  | Int-4 SInv Poison}
 10318 | D:9      | Found a burning altar of Makhleb.
 10512 | D:9      | Found a radiant altar of Vehumet.
 10513 | D:9      | Noticed a two-headed ogre
 10530 | D:9      | Killed a two-headed ogre
 10531 | D:9      | Reached skill level 10 in Armour
 10531 | D:9      | Reached XP level 12. HP: 37/73 MP: 24/24
 10869 | D:9      | Identified the +6 chain mail of Grace {Rampage rCorr}
 10909 | D:9      | Found a glowing golden altar of the Shining One.
 10933 | D:9      | Found an iron altar of Okawaru.
 10952 | D:9      | Identified the scarf of the Ditch-Digger {shadows, Will+
                  | Regen+ Str+4}
 11289 | D:9      | Noticed Psyche
 11296 | D:9      | Killed Psyche
 11300 | D:9      | Identified a scroll of acquirement
 11300 | D:9      | Acquired 853 gold pieces
 11382 | D:10     | Entered Level 10 of the Dungeon
 11885 | D:10     | Found Dic Faffa's General Store.
 11894 | D:10     | Bought a potion of mutation for 88 gold pieces
 11894 | D:10     | Bought a wand of digging (2) for 92 gold pieces
 11894 | D:10     | Bought a scroll of revelation for 82 gold pieces
 11894 | D:10     | Bought a ring of protection from fire for 275 gold pieces
 12011 | D:10     | Found a basalt altar of Yredelemnul.
 12415 | D:11     | Found a broken altar of Ashenzari.
 12484 | D:11     | Noticed a boulder beetle
 12522 | D:11     | Killed a boulder beetle
 12723 | D:11     | Noticed a boulder beetle
 12723 | D:11     | Noticed a centaur warrior
 12749 | D:11     | Killed a centaur warrior
 12751 | D:11     | Bought a +3 whip of venom for 260 gold pieces
 12775 | D:11     | Killed a boulder beetle
 12833 | D:11     | Noticed a boulder beetle
 12848 | D:11     | Killed a boulder beetle
 12865 | D:11     | Noticed a tengu warrior
 12882 | D:11     | Killed a tengu warrior
 12883 | D:11     | Reached skill level 10 in Maces & Flails
 12920 | D:11     | Noticed a centaur warrior
 12920 | D:11     | Noticed a five-headed hydra
 12922 | D:11     | Noticed a centaur warrior
 12923 | D:11     | Noticed a tengu warrior
 12930 | D:11     | Killed a centaur warrior
 12961 | D:11     | Killed a five-headed hydra
 12971 | D:11     | Killed a tengu warrior
 12976 | D:11     | Killed a centaur warrior
 13079 | D:11     | Noticed a five-headed hydra
 13104 | D:11     | Killed a five-headed hydra
 13105 | D:11     | Reached XP level 13. HP: 46/78 MP: 21/25
 13275 | D:11     | Found a staircase to the Orcish Mines.
 14622 | D:12     | Noticed Lodul
 14638 | D:12     | Reached skill level 10 in Evocations
 14648 | D:12     | Killed Lodul
 16778 | D:14     | Bought a creamy pearl robe for 142 gold pieces
 16778 | D:14     | Identified the +0 robe "Safoycuu" {rPois rF- MP+9 Dex+6}
                  | (You bought it in a shop on level 14 of the Dungeon)
 16778 | D:14     | Bought a runed bone ring for 125 gold pieces
 16778 | D:14     | Bought a scroll labelled NAYVUS KOCHI for 25 gold pieces
 16778 | D:14     | Bought a potion of resistance for 250 gold pieces
 17976 | D:14     | Gained mutation: Your large and strong wings let you fly.
                  | [Gargoyle growth]
 17976 | D:14     | Reached XP level 14. HP: 37/84 MP: 26/26
 18305 | D:13     | Found Jetec's Distillery.
 18313 | D:13     | Bought a potion of heal wounds for 65 gold pieces
 18313 | D:13     | Bought a potion of ambrosia for 104 gold pieces
 18313 | D:13     | Bought a potion of resistance for 130 gold pieces
 18313 | D:13     | Bought a potion of mutation for 104 gold pieces
 18313 | D:13     | Gained mutation: You are covered in fur. (AC +1) [potion of
                  | mutation]
 18313 | D:13     | Gained mutation: A frigid envelope surrounds you and
                  | freezes all who hurt you. [potion of mutation]
 18313 | D:13     | Gained mutation: You have very sharp teeth. [potion of
                  | mutation]
 18521 | D:13     | Found a gate to the Vaults.
 18599 | D:15     | Entered Level 15 of the Dungeon
 19339 | D:15     | Reached skill level 10 in Shields
 19662 | D:15     | Acquired 1131 gold pieces
 20037 | D:15     | Found a staircase to the Depths.
 20452 | Lair:1   | Entered Level 1 of the Lair of Beasts
 21099 | Lair:1   | Reached skill level 10 in Fighting
 21129 | Lair:1   | Reached skill level 1 in Conjurations
 21189 | Lair:1   | Reached skill level 1 in Hexes
 21595 | Lair:2   | Reached XP level 15. HP: 92/92 MP: 27/27
 21771 | Lair:2   | Found a transporter.
 21777 | Lair:2   | Found a transporter.
 21791 | Lair:2   | Noticed Vadghucic's ghost (journeyman DsFE)
 22647 | Lair:3   | Reached skill level 5 in Conjurations
 23076 | Lair:3   | Found a staircase to the Snake Pit.
 23436 | Lair:3   | Found a staircase to the Shoals.
 23735 | Lair:4   | Found a staircase to the Slime Pits.
 23736 | Lair:4   | Found a viscous altar of Jiyva.
 23790 | Lair:4   | Reached skill level 5 in Hexes
 24989 | Lair:4   | Got the Discourse on Intoxicating Lightning
 24992 | Lair:4   | Identified the +9 war axe of Ru's Reproof {flame, Contam
                  | Str+3 SInv}
 25392 | Lair:5   | Entered Level 5 of the Lair of Beasts
 25412 | Lair:5   | Learned a level 3 spell: Dazzling Flash
 25626 | Lair:5   | Identified the +4 ring mail "Ziv Suir" {rN+ rCorr}
 25888 | Lair:5   | Reached skill level 1 in Axes
 25945 | Lair:5   | Reached XP level 16. HP: 83/97 MP: 23/28
 26931 | Orc:1    | Entered Level 1 of the Orcish Mines
 26944 | Orc:1    | Noticed Maurice
 26952 | Orc:1    | Killed Maurice
 27001 | Orc:1    | Found Gerghar's Assorted Antiques.
 27059 | Orc:1    | Bought a potion of might for 156 gold pieces
 27270 | Orc:2    | Entered Level 2 of the Orcish Mines
 27285 | Orc:2    | Found Mapsont's Antique Weapon Boutique.
 27289 | Orc:2    | Noticed Saint Roka
 27490 | Orc:1    | Reached skill level 5 in Axes
 27711 | Orc:2    | HP: 3/97 [Saint Roka/divine providence (13)]
 27713 | Orc:2    | Killed Saint Roka
 28082 | Orc:2    | Found Wikokexur's Antique Armour Boutique.
 28090 | Orc:2    | Bought a pair of heavily runed gloves for 190 gold pieces
 28090 | Orc:2    | Identified the +1 pair of gloves of Amorality {Int+3} (You
                  | bought it in a shop on level 2 of the Orcish Mines)
 28090 | Orc:2    | Bought an ancient ring mail for 180 gold pieces
 28090 | Orc:2    | Identified the +3 ring mail of Limitation {rElec rN+++ MP-9
                  | Str-4} (You bought it in a shop on level 2 of the Orcish
                  | Mines)
 28090 | Orc:2    | Bought a bloodstained leather armour for 140 gold pieces
 28090 | Orc:2    | Identified the +0 leather armour of Ghostly the Good
                  | {Regen+} (You bought it in a shop on level 2 of the Orcish
                  | Mines)
 28132 | Orc:2    | Found Vaazao Udoa's General Store.
 28216 | Orc:2    | Bought a box of beasts for 600 gold pieces
 28216 | Orc:2    | Bought a phial of floods for 600 gold pieces
 28216 | Orc:2    | Bought a scroll of teleportation for 45 gold pieces
 28306 | Orc:2    | Found a large runed translucent door.
 28306 | Orc:2    | Found a large runed translucent door.
 28311 | Orc:2    | Noticed HilariousDeathArtist's ghost (journeyman TrDe)
 28363 | Orc:2    | Found a staircase to the Elven Halls.
 28368 | Orc:2    | Noticed Urug
 28374 | Orc:2    | Found Mouner's Jewellery Boutique.
 28386 | Orc:2    | Killed Urug
 28511 | Orc:2    | Found a bloodstained altar of Trog.
 28573 | Orc:2    | Noticed Rupert
 28592 | Orc:2    | Killed Rupert
 28964 | Orc:2    | Killed HilariousDeathArtist's ghost
 29312 | Orc:1    | Found Beamas's Armour Emporium.
 29327 | Orc:1    | Found Yxapsask's Armour Shoppe.
 29475 | D:10     | Bought the amulet "Utet" {Spirit rElec Regen+ Int-2 Dex+5}
                  | for 704 gold pieces
 29644 | Snake:1  | Entered Level 1 of the Snake Pit
 30261 | Snake:1  | Reached XP level 17. HP: 84/107 MP: 13/29
 31118 | Snake:2  | Noticed Sopaerr's ghost (journeyman MiBe)
 31118 | Snake:2  | Found a runed translucent door.
 31130 | Snake:2  | Found a frozen archway.
 31138 | IceCv    | Entered an ice cave
 31895 | IceCv    | Noticed a shard shrike
 31966 | IceCv    | Reached skill level 10 in Spellcasting
 31979 | IceCv    | Killed a shard shrike
 33006 | Snake:2  | Found a runed translucent gate.
 33006 | Snake:2  | Found a runed translucent gate.
 33006 | Snake:2  | Found a runed translucent gate.
 33240 | Snake:2  | Killed Sopaerr's ghost
 33419 | Snake:3  | Reached skill level 1 in Earth Magic
 33496 | Snake:3  | Noticed Vashnia
 33509 | Snake:3  | Killed Vashnia
 33510 | Snake:3  | Reached XP level 18. HP: 116/116 MP: 22/33
 33518 | Snake:3  | Reached skill level 5 in Earth Magic
 34272 | Snake:4  | Entered Level 4 of the Snake Pit
 34312 | Snake:4  | Learned a level 4 spell: Leda's Liquefaction
 34358 | Snake:4  | Reached skill level 10 in Earth Magic
 35079 | Snake:4  | Got a serpentine rune of Zot
 35141 | Snake:4  | Identified the +0 scale mail of the Kangaroo {Will- Slay+4}
 35175 | Snake:4  | Reached XP level 19. HP: 58/121 MP: 10/34
 36368 | Elf:1    | Entered Level 1 of the Elven Halls
 36388 | Elf:1    | Noticed Agnes
 36394 | Elf:1    | Killed Agnes
 36761 | Elf:1    | Learned a level 5 spell: Lee's Rapid Deconstruction
 36805 | Elf:1    | Got Cageat's Spellbook of the Tektite
 36810 | Elf:1    | Paralysed by an air elemental for 1 turns
 36817 | Elf:1    | Got Ohisud's Compilation of the Nimbus
 36947 | Elf:1    | Reached skill level 15 in Armour
 37281 | Elf:1    | Identified the +7 falchion of Saltpetre {speed, rF++ rN+++
                  | Str-3 Dex-3}
 37573 | Elf:2    | Noticed Nikola
 37573 | Elf:2    | Noticed Louise
 37608 | Elf:1    | Killed Louise
 37686 | Elf:2    | Killed Nikola
 37690 | Elf:2    | Reached skill level 15 in Fighting
 37961 | D:10     | Bought the ring of Loumilee {rF+ rC+ Dex+6} for 798 gold
                  | pieces
 38092 | Elf:2    | Acquired the +3 pair of seven-league boots {Rampage+∞}
 38092 | Elf:2    | Found the +3 pair of seven-league boots {Rampage+∞}
 38136 | Elf:2    | Identified the +1 cloak "Fatuss" {-Tele Int+2 Dex+2}
 38168 | Elf:2    | Found a runed translucent gate.
 38169 | Elf:2    | Found a runed translucent gate.
 38169 | Elf:2    | Found a runed translucent gate.
 38397 | Elf:2    | Identified the +2 robe "Homuaseh" {Dex+4}
 38775 | Elf:2    | Bought the +11 Singing Sword {sonic wave} for 4000 gold
                  | pieces
 38775 | Elf:2    | Found the +11 Singing Sword {sonic wave}
 38853 | Elf:2    | Reached skill level 1 in Long Blades
 39185 | Elf:3    | Entered Level 3 of the Elven Halls
 39558 | Elf:3    | Reached XP level 20. HP: 111/132 MP: 26/35
 39573 | Elf:3    | Reached skill level 5 in Long Blades
 39590 | Elf:3    | Noticed a Tzitzimitl
 39594 | Elf:3    | Gained mutation: Your spells are a little easier to cast,
                  | but a little less powerful. [mutagenic glow]
 39674 | Elf:3    | Identified the +3 broad axe "Tafapni" {freeze, rPois}
 39699 | Elf:3    | Identified the +1 scimitar "Veneps" {antimagic, rPois SInv}
 39699 | Elf:3    | Identified the +0 robe "Giveuk" {rN++ Dex+2}
 39842 | Elf:3    | Identified the +0 pair of gloves "Padovuh" {Drain +Inv
                  | Dex+6 Slay+3}
 39849 | Elf:3    | Identified the +0 pair of boots of the Volcano {Str+4
                  | Int+3}
 39867 | Elf:3    | Identified the ring "Iraf" {rF+ rN+ Will+}
 39880 | Elf:3    | Identified the staff of Ragnarok {Contam rPois Will+++
                  | Int+2 Stlth+ Poison}
 40096 | Elf:3    | Found Okhepech's Antique Armour Boutique.
 40780 | Shoals:1 | Entered Level 1 of the Shoals
 41967 | Shoals:2 | Reached skill level 10 in Long Blades
 42587 | Shoals:3 | Found Pydaaxt's Assorted Antiques.
 42595 | Shoals:3 | Bought a potion of heal wounds for 170 gold pieces
 42595 | Shoals:3 | Bought a glowing helmet for 255 gold pieces
 43209 | Shoals:3 | Learned a level 4 spell: Petrify
 43379 | Shoals:4 | Entered Level 4 of the Shoals
 43542 | Shoals:4 | Paralysed by an air elemental for 1 turns
 43566 | Shoals:4 | Identified the +7 scimitar of Slow Death {flame, rN+ rCorr}
 43650 | Shoals:4 | Reached XP level 21. HP: 123/137 MP: 20/36
 43951 | Shoals:4 | Got a barnacled rune of Zot
 44007 | Shoals:4 | Found a glowing golden altar of the Shining One.
 44220 | Shoals:4 | Paralysed by an air elemental for 1 turns
 44222 | Shoals:4 | Paralysed by an air elemental for 1 turns
 44396 | Shoals:4 | Paralysed by an air elemental for 1 turns
 44708 | Slime:1  | Entered Level 1 of the Pits of Slime
 45681 | Slime:4  | Noticed Dissolution
 45695 | Slime:4  | Killed Dissolution
 45696 | Slime:4  | Reached skill level 15 in Long Blades
 45866 | Slime:5  | Entered Level 5 of the Pits of Slime
 45975 | Slime:5  | Gained mutation: You occasionally lose the ability to read
                  | scrolls when taking damage. [a shining eye]
 45978 | Slime:5  | Gained mutation: Your spells are easier to cast, but less
                  | powerful. [a shining eye]
 46474 | Slime:5  | Found a viscous altar of Jiyva.
 46505 | Slime:5  | Noticed the Royal Jelly
 46549 | Slime:5  | Killed the Royal Jelly
 46675 | Slime:5  | Acquired 1304 gold pieces
 46687 | Slime:5  | Identified the +12 crystal plate armour of Doosm {rF++
                  | Str-3}
 46696 | Slime:5  | Got Zyeratz's Anthology of the Translocated Cumulonimbus
 46829 | Slime:5  | Identified the ring of Taheus {Fly Str+6}
 46886 | Slime:5  | Got a slimy rune of Zot
 46914 | Slime:5  | Identified the +1 chain mail "Qeappovu" {*Slow Regen+ rCorr
                  | Int+2}
 46915 | Slime:5  | Identified the ring of Xom's Sleight of Hands {rF+ Str+3}
 47036 | Slime:5  | Reached XP level 22. HP: 143/143 MP: 35/37
 47953 | Vaults:1 | Entered Level 1 of the Vaults
 48727 | Vaults:1 | Found Aweef's General Store.
 49917 | Lair:2   | Found a bloodstained altar of Trog.
 49922 | Lair:2   | Killed Vadghucic's ghost
 50288 | Shoals:2 | Bought quicksilver dragon scales for 1200 gold pieces
 50289 | Shoals:2 | Bought a glowing buckler for 150 gold pieces
 51242 | Vaults:2 | Found Edadit's Magic Scroll Emporium.
 51250 | Vaults:2 | Bought a scroll of revelation for 90 gold pieces
 51491 | Vaults:2 | Found Arroycy's Weapon Boutique.
 51491 | Vaults:2 | Found Seisiag's Antique Armour Emporium.
 51772 | Vaults:3 | Found Hucoacel's Magic Scroll Boutique.
 51998 | Vaults:3 | Found a staircase to the Crypt.
 52087 | Vaults:3 | Noticed Aizul
 52097 | Vaults:3 | Killed Aizul
 52112 | Vaults:3 | Reached XP level 23. HP: 148/148 MP: 40/40
 52567 | Vaults:3 | Acquired 954 gold pieces
 53049 | Vaults:3 | Bought a scroll of revelation for 135 gold pieces
 53049 | Vaults:3 | Bought a scroll of enchant armour for 135 gold pieces
 53049 | Vaults:3 | Bought a scroll of blinking for 135 gold pieces
 53644 | Vaults:4 | Found Sutoit's Magic Scroll Emporium.
 53653 | Vaults:4 | Bought a scroll of enchant armour for 150 gold pieces
 53653 | Vaults:4 | Bought a scroll of enchant armour for 150 gold pieces
 54066 | Vaults:4 | Noticed Xtahua
 54076 | Vaults:4 | Killed Xtahua
 54338 | Vaults:4 | Identified the +4 whip of the Swamp {heavy, *Rage rPois rF+
                  | Stlth+}
 54339 | Vaults:4 | Identified the +2 leather armour of Ruongus {Contam Str+2
                  | Int+3}
 54352 | Vaults:4 | Identified the +1 leather armour of Lust {rN++ Regen+}
 54354 | Vaults:4 | Identified the +1 short sword of Nuhui {flame, rElec rPois
                  | rN+++ Dex-2}
 54477 | Vaults:5 | Entered Level 5 of the Vaults
 54481 | Vaults:5 | Noticed a golden dragon
 54483 | Vaults:5 | Noticed a golden dragon
 54493 | Vaults:5 | Killed a golden dragon
 54500 | Vaults:5 | Reached XP level 24. HP: 80/154 MP: 13/40
 54526 | Vaults:5 | Noticed a dread lich
 54529 | Vaults:5 | Reached skill level 15 in Spellcasting
 54555 | Vaults:5 | Killed a dread lich
 54741 | Vaults:5 | Identified the ring of the Prince {Fire rN+ Dex+4}
 54829 | Vaults:5 | HP: 3/154 [deep elf annihilator/entropic shot (40)]
 55213 | Vaults:5 | Identified the +5 glaive of Impedef {protect, rF++ Int-4}
 55326 | Vaults:5 | Got a silver rune of Zot
 55494 | Vaults:5 | Identified the +7 spear "Riockesi" {freeze, rPois rF- rN+++
                  | Dex-2}
 55605 | Vaults:5 | Identified the +1 halberd of Action {spect, Drain rElec
                  | Int+6}
 55848 | Vaults:5 | Identified the ring of Vaw Abec {rN+ Int+6}
 55993 | Vaults:5 | Identified the +0 long sword "Guisagat" {heavy, rC+}
 56059 | Crypt:1  | Entered Level 1 of the Crypt
 56322 | Crypt:1  | Found a runed translucent door.
 56322 | Crypt:1  | Noticed Hegoitz's ghost (veteran MiGl)
 56354 | Crypt:1  | Killed Hegoitz's ghost
 56510 | Crypt:1  | Reached XP level 25. HP: 159/159 MP: 44/45
 57060 | Crypt:2  | Noticed Mennas
 57072 | Crypt:2  | Noticed Vv
 57482 | Crypt:2  | Reached skill level 10 in Conjurations
 57525 | Crypt:2  | Killed Vv
 57815 | Crypt:2  | Killed Mennas
 58210 | Crypt:3  | Entered Level 3 of the Crypt
 58758 | Crypt:3  | Found a staircase to the Tomb.
 59237 | Crypt:3  | Found an ancient bone altar of Kikubaaqudgha.
 59295 | Crypt:3  | Got Alaik's Monograph on Misfortune
 59297 | Crypt:3  | Got Kikubaaqudgha's Precepts of the Morgue
 59884 | Crypt:3  | Bought a scroll of enchant weapon for 97 gold pieces
 59886 | Crypt:3  | Bought a potion of haste for 120 gold pieces
 59886 | Crypt:3  | Bought a potion of curing for 36 gold pieces
 59886 | Crypt:3  | Bought 2 potions of might for 96 gold pieces
 59886 | Crypt:3  | Bought a potion of heal wounds for 60 gold pieces
 59886 | Crypt:3  | Bought 2 potions of invisibility for 192 gold pieces
 59888 | Crypt:3  | Bought a potion of heal wounds for 75 gold pieces
 59888 | Crypt:3  | Bought 3 potions of berserk rage for 225 gold pieces
 59888 | Crypt:3  | Bought a potion of heal wounds for 75 gold pieces
 59888 | Crypt:3  | Bought a potion of resistance for 150 gold pieces
 59888 | Crypt:3  | Bought a potion of heal wounds for 75 gold pieces
 59888 | Crypt:3  | Bought a potion of lignification for 45 gold pieces
 60440 | Tomb:1   | Entered Level 1 of the Tomb of the Ancients
 60997 | Tomb:1   | Noticed a royal mummy
 60998 | Tomb:1   | Noticed a royal mummy
 61005 | Tomb:1   | Noticed a royal mummy
 61009 | Tomb:1   | Killed a royal mummy
 61010 | Tomb:1   | Reached XP level 26. HP: 94/163 MP: 20/45
 61016 | Tomb:1   | Killed a royal mummy
 61029 | Tomb:1   | Killed a royal mummy
 61335 | Tomb:1   | Identified the +4 hand axe of Awaish {spect, Str+2 Dex+2}
 61387 | Tomb:2   | Noticed a royal mummy
 61389 | Tomb:2   | Noticed a royal mummy
 61390 | Tomb:2   | Noticed a royal mummy
 61395 | Tomb:2   | Noticed a royal mummy
 61397 | Tomb:2   | Noticed a royal mummy
 61406 | Tomb:2   | Killed a royal mummy
 61415 | Tomb:2   | Killed a royal mummy
 61421 | Tomb:2   | Killed a royal mummy
 61428 | Tomb:2   | Killed a royal mummy
 61433 | Tomb:2   | Killed a royal mummy
 62178 | Tomb:2   | Learned a level 2 spell: Passwall
 62438 | Tomb:2   | Reached skill level 15 in Earth Magic
 62631 | Tomb:3   | Entered Level 3 of the Tomb of the Ancients
 62675 | Tomb:3   | Noticed a royal mummy
 62680 | Tomb:3   | Noticed a royal mummy
 62695 | Tomb:3   | Noticed a royal mummy
 62714 | Tomb:3   | Noticed a royal mummy
 62714 | Tomb:3   | Noticed a royal mummy
 62714 | Tomb:3   | Noticed a royal mummy
 62724 | Tomb:3   | HP: 4/164 [royal mummy/divine providence (12)]
 62724 | Tomb:3   | Slain by an emperor scorpion

Illustrated notes

Levels and vault maps discovered:
D:1:      saegor_arrival_simple_c, layout_loops_ring, minmay_hexomino_p4
D:2:      layout_loops_corners, hellmonk_ecumenical_altar_pennies_from_heaven,
          serial_park_tiny_1
D:3:      layout_loops_ring, amcnicky_altar_gilded,
          chequers_temple_overflow_statue_of_worship, slow_altar_2
D:4:      layout_gridville, serial_demonic, serial_demonic_e, serial_demonic_d,
          serial_demonic_e, serial_demonic_g, uniq_pikel, uniq_eustachio
D:5:      nicolae_BIG_FREAKIN_CUBE, layout_layer_cave,
          kiku_gazebo_garden_becter, uniq_prince_ribbit1
D:6:      layout_loops_ring, serial_shops, shop_statue
D:7:      hellmonk_destroyed_diamonds, layout_basic, enter_bailey_5
D:8:      layout_loops_corners, lair_entry_dummy, uniq_erica, uniq_maggie,
          uniq_jeremiah
D:9:      layout_cave_pools, lemuel_round_altar, mainiacjoe_overflow_paths,
          tso_oasis_becter, nicolae_overflow_hidden_temple, uniq_psyche
D:10:     layout_grid_maze, yredelemnul_altar_generic, serial_shops,
          nicolae_shop_window_shopping
D:11:     minmay_the_grid_four_pointed_star_mashed
          [minmay_the_grid_triangle_9x9_warning,
          minmay_the_grid_triangle_9x9_zippers_vertical,
          minmay_the_grid_triangle_9x9_intruding_spiral,
          minmay_the_grid_triangle_9x9_descending_squares,
          minmay_the_grid_prize_trominoes], layout_loops_ring, orc_david_3,
          ashenzari_conservatory_becter
D:12:     layout_cave_pods, uniq_lodul
D:13:     layout_basic, david_vaults_4, serial_shops, shop
D:14:     layout_gridville, minmay_misc_feat_nine_boxes
D:15:     hangedman_depths_entry_try_elsewhere_first, layout_loops_cross,
          nicolae_the_louvre, minmay_misc_feat_encased,
          minmay_fractal_squares_gapless_7
Lair:1:   layout_gridlike, nzn_random_ring
Lair:2:   layout_long_grid, gammafunk_ghost_wrathful_warriors,
          nzn_sisyphean_effort
Lair:3:   layout_layer_cave, minmay_shoals_entry_beasts, dummy_snake_entry,
          cheibrodos_lair_reptile_den, grunt_megastairs_1
Lair:4:   statuecave_lemuel, layout_layer_cave, slime_entry_1,
          nicolae_lair_liquid_snakes
Lair:5:   evilmike_catoblepas_cave, layout_layer_cave
Shoals:1: layout_shoals
Shoals:2: layout_shoals
Shoals:3: layout_shoals, serial_shops, shop_statue, nicolae_shoals_secluded_bog
Shoals:4: shoals_end_hellmonk_storm_palace [storm_palace_center_square,
          storm_palace_corner_narrow, storm_palace_corner_blocked,
          storm_palace_corner_narrow, storm_palace_corner_altar]
Snake:1:  nicolae_snakescales, layout_chambers, nicolae_snake_lava_pool
Snake:2:  layout_onion_interference, portal_ice_cave_entry_pillars_2,
          ebering_ghost_reflecting_pool, nicolae_snake_gridmaze_zigzag,
          nicolae_snake_horde_hoard
Snake:3:  layout_onion_interference, nicolae_snake_salamander_zone, uniq_vashnia
Snake:4:  grunt_snake_rune_pools, layout_cave_town
Slime:1:  cheibrodos_slime_lost_civilization_3, layout_caves
Slime:2:  layout_caves
Slime:3:  layout_caves
Slime:4:  layout_caves, uniq_dissolution
Slime:5:  slime_pit_nicolae_block_by_block
Orc:1:    layout_caves, serial_shops, nicolae_shop_crystal, shop, shop,
          uniq_maurice
Orc:2:    grunt_orc_gardens, layout_diamond_mine, grunt_orc_garden,
          grunt_orc_garden, grunt_orc_garden, grunt_orc_garden,
          ebering_ghost_disaster_area, basic_altar,
          nicolae_orc_flooded_monolith, uniq_saint_roka, uniq_rupert, uniq_urug
Elf:1:    layout_rooms, minivault_28, nicolae_elf_elemental_lessons, uniq_agnes
Elf:2:    nicolae_elf_blades_crystal_corner, layout_loops_ring, uniq_louise,
          uniq_nikola
Elf:3:    minmay_elf_hall_dome, layout_loops_corners, serial_shops,
          nicolae_square_shop
Vaults:1: v_misc_13, hangedman_vaults_cutoff, nicolae_vaults_security_offices_1,
          nicolae_vaults_lightning_bolt, nicolae_vaults_turnstiles,
          nicolae_vaults_heart-shaped_vault, vaults_room_fours,
          nicolae_vaults_border_crossing, nicolae_vaults_layer_cake_slice,
          vaults_standard_mumra_x, nicolae_vaults_house_2, vaults_dpeg_hooks,
          layout_vaults_omnigrid, serial_shops, shop_coins
Vaults:2: nicolae_vaults_little_squares_6, nicolae_vaults_wine_cellar,
          ontoclasm_vaults_hangar, v_misc_19, grunt_vaults_funnel,
          hangedman_vaults_trim, nicolae_vaults_more_shelving_1,
          grunt_vaults_swirl, nicolae_vaults_surprise_closet, v_misc_25,
          nicolae_vaults_shipping_containers_3, grunt_vaults_hallway_long,
          layout_vaults_ring, serial_shops, nicolae_shop_just_a_little_nook,
          nicolae_shop_tiny_waterfront, shop
Vaults:3: ontoclasm_vaults_idyll, nicolae_vaults_storage_closets_1,
          minmay_crypt_entry_simple_corners, nicolae_vaults_specimen_jars,
          nicolae_vaults_network_star, nicolae_vaults_weapon_check,
          nicolae_vaults_more_shelving_2, nicolae_vaults_diamond_2,
          nicolae_vaults_windows_and_doors_thing, layout_vaults_big_room,
          serial_shops, nicolae_shop_hallway_plus, uniq_aizul
Vaults:4: nicolae_vaults_little_squares_5, vaults_room_large_hall, v_pattern_4,
          vaults_room_door_hall, v_misc_2, hangedman_vaults_corner, v_misc_15,
          nicolae_vaults_layer_cake_slice, v_misc_27,
          nicolae_vaults_storing_the_good_stuff, vaults_mumra_lcd,
          layout_vaults_omnicross, serial_shops, nicolae_square_shop,
          uniq_xtahua
Vaults:5: serial_shops, uniq_margery
Crypt:1:  minmay_shadows, layout_rooms, gammafunk_ghost_grave,
          grunt_crypt_arrival_webbed
Crypt:2:  layout_regular_city, nicolae_crypt_small_crypt, uniq_vv, uniq_mennas
Crypt:3:  church_of_pain_bobbens, layout_chaotic_city,
          wad_floor_pattern_untrapped, minmay_strange_pillars
Tomb:1
Tomb:2
Tomb:3

Skill      XL: |  1  2  3  4  5  6  7  8  9 10 11 12 13 14 15 16 17 18 19 20 21 22 23 24 25 26 |
---------------+-------------------------------------------------------------------------------+-----
Fighting       | 4 5 7 8 10 12 14 16 | 16.4
Maces & Flails | 3 4 5 6 10 13 14 | 14.0
Armour         | 4 6 10 11 13 15 19 20 | 20.0
Shields        | 6 10 12 13 | 13.3
Evocations     | 2 6 8 10 12 | 12.5
Spellcasting   | 3 8 11 13 18 | 18.4
Transmutations | 2 7 9 |  9.3
Conjurations   | 2 7 9 10 | 10.8
Hexes          | 2 6 7 9 |  9.1
Axes           | 1 5 |  5.4
Earth Magic    | 4 12 18 | 18.0
Long Blades    | 4 12 15 16 19 20 | 20.0

Action                     |  1- 3 |  4- 6 |  7- 9 | 10-12 | 13-15 | 16-18 | 19-21 | 22-24 | 25-27 || total
---------------------------+-------+-------+-------+-------+-------+-------+-------+-------+-------++-------
  Melee: Flail             |   126 |       |       |       |   118 |       |       |       |       ||   244
         Mace              |    42 |   171 |    31 |       |       |       |       |       |       ||   244
         Whip              |       |       |   360 |   748 |  2004 |       |       |       |       ||  3112
         Bite              |       |       |       |       |   241 |   147 |   239 |   231 |   204 ||  1062
         War axe           |       |       |       |       |    47 |  1016 |   447 |       |       ||  1510
         Double sword      |       |       |       |       |       |       |   892 |  1157 |   964 ||  3013
         Demon blade       |       |       |       |       |       |       |       |    19 |       ||    19
  Throw: Throwing net      |       |       |     1 |       |       |       |       |       |       ||     1
         Dart              |       |       |       |     3 |       |       |       |       |       ||     3
   Cast: Wereblood         |       |       |       |    14 |    16 |    28 |    20 |    25 |    17 ||   120
         Dazzling Flash    |       |       |       |       |       |     3 |       |       |     1 ||     4
         Leda's Liquefacti |       |       |       |       |       |     4 |     2 |       |     3 ||     9
         Petrify           |       |       |       |       |       |       |       |     1 |       ||     1
         Lee's Rapid Decon |       |       |       |       |       |       |       |       |     2 ||     2
 Invoke: Call Merchant     |       |       |       |     1 |     2 |     1 |     1 |     1 |     3 ||     9
  Evoke: Wand              |       |       |     5 |    12 |     3 |     8 |       |       |       ||    28
         Box of beasts     |       |       |       |       |       |     2 |     1 |       |       ||     3
         Phial of floods   |       |       |       |       |       |     1 |     1 |       |       ||     2
         Phantom mirror    |       |       |       |       |       |       |     1 |       |       ||     1
    Use: Scroll            |     3 |     4 |     7 |     6 |    13 |     1 |     3 |    14 |     5 ||    56
         Potion            |       |     1 |     3 |     1 |     4 |     4 |     3 |     3 |    13 ||    32
   Stab: Distracted        |       |       |     1 |     2 |     4 |     9 |    15 |    16 |     4 ||    51
         Petrified         |       |       |       |       |    18 |       |       |       |       ||    18
         Petrifying        |       |       |       |       |     2 |       |       |       |       ||     2
         Invisible         |       |       |       |       |       |     3 |       |       |     4 ||     7
         Confused          |       |       |       |       |       |       |       |     1 |       ||     1
 Armour: Scale mail        |   118 |   136 |   156 |       |       |       |       |       |       ||   410
         Skin              |       |       |     9 |       |       |       |       |       |       ||     9
         Chain mail        |       |       |    56 |   414 |   879 |   638 |   684 |     8 |       ||  2679
         Crystal plate arm |       |       |       |       |       |       |       |   580 |   695 ||  1275
  Dodge: Dodged            |    82 |    96 |   146 |   203 |   383 |   226 |   267 |   111 |   117 ||  1631
  Block: Buckler           |    34 |    39 |   160 |   353 |   255 |       |       |       |       ||   841
         Reflection        |       |       |     2 |    17 |    37 |    84 |    43 |    42 |     5 ||   230
         Kite shield       |       |       |       |       |   715 |   845 |   944 |   767 |   801 ||  4072

Table legend: (Time is in decaauts)
 A = Elapsed time spent in this place.
 B = Non-inter-level travel time spent in this place.
 C = Inter-level travel time spent in this place.
 D = Time resting spent in this place.
 E = Time spent auto-exploring this place.
 F = Levels seen in this place.
 G = Mean time per level.
                   A        B        C        D        E       F      G
               +--------+--------+--------+--------+--------+-----+--------+
         Total |  61395 |  56244 |   5151 |   8894 |  35451 |  51 | 1203.8 |
       Dungeon |  19588 |  17449 |   2139 |   3877 |  10078 |  15 | 1305.9 |
          Lair |   6756 |   5889 |    867 |    103 |   4681 |   5 | 1351.2 |
        Shoals |   4203 |   3761 |    442 |     64 |   2805 |   4 | 1050.8 |
     Snake Pit |   5298 |   5057 |    241 |    362 |   3600 |   4 | 1324.5 |
    Slime Pits |   2915 |   2742 |    173 |    319 |   1963 |   5 |  583.0 |
  Orcish Mines |   2603 |   2464 |    139 |   1247 |    923 |   2 | 1301.5 |
   Elven Halls |   4141 |   3835 |    306 |    525 |   2456 |   3 | 1380.3 |
        Vaults |   6917 |   6437 |    480 |    248 |   4893 |   5 | 1383.4 |
         Crypt |   3951 |   3687 |    264 |    638 |   2147 |   3 | 1317.0 |
          Tomb |   2261 |   2165 |     96 |    299 |   1070 |   3 |  753.7 |
        Bailey |   1396 |   1396 |      0 |    819 |    263 |   1 | 1396.0 |
      Ice Cave |   1361 |   1361 |      0 |    391 |    571 |   1 | 1361.0 |
               +--------+--------+--------+--------+--------+-----+--------+

Top non-repeatable levels by time:
     D:8: 1865 daAuts
 Snake:4: 1859 daAuts
 Crypt:3: 1805 daAuts
   Orc:2: 1753 daAuts
    D:13: 1736 daAuts
    D:12: 1719 daAuts
  Lair:4: 1583 daAuts
    D:14: 1558 daAuts
    D:11: 1554 daAuts
  Lair:3: 1544 daAuts
Vaults:1: 1518 daAuts
   Elf:2: 1506 daAuts
Vaults:5: 1495 daAuts
 Snake:1: 1479 daAuts
 Slime:5: 1478 daAuts
